Map: Blackpink LE

Players

Elazer - Winner!

  • Race: Zerg Zerg
  • League: Master
  • Spawn Location: 7:00

ShoWTimE

  • Race: Protoss Protoss
  • League: Grandmaster
  • Spawn Location: 1:00

Event: WESG Barcelona European Finals 2017

VOD

Have the link to the VOD?

Description

Time

  • Played on: Nov. 26, 2017, 11:36 a.m.
  • Length: 10:56

All games in this series

Show
View Real Time Build Order
Export as new Build Order

Elazer Zerg - Winner!

Build Orders: Hatch First 

Get SALT Encoding   

  12  0:00  Drone  
  13  0:12  Overlord  
  13  0:17  Drone  
  14  0:30  Drone x2  
  16  0:48  Hatchery  
  15  0:50  Drone  
  15  0:54  Drone  
  17  0:57  Drone  
  18  1:08  Extractor  
  17  1:13  Spawning Pool  
  16  1:19  Drone  
  16  1:20  Drone  
  18  1:28  Drone  
  19  1:37  Overlord  
  19  1:50  Drone  
  20  1:59  Queen  
  20  2:00  Zergling x2, Queen  
  20  2:01  Zergling x2  
  26  2:09  Metabolic Boost  
  26  2:10  Drone  
  26  2:13  Drone  
  28  2:22  Drone  
  29  2:23  Drone  
  30  2:39  Hatchery  
  30  2:42  Zergling x2  
  30  2:43  Drone x2  
  32  2:59  Zergling x2  
  32  3:00  Zergling x2  
  32  3:01  Drone  
  35  3:07  Drone  
  36  3:19  Overlord  
  36  3:21  Overlord  
  36  3:24  Extractor, Queen  
  36  3:25  Extractor x2  
  36  3:26  Drone  
  39  3:35  Spore Crawler  
  39  3:36  Spore Crawler  
  39  3:38  Drone x6  
  43  3:44  Drone  
  43  3:45  Drone x2  
  46  3:49  Overlord  
  46  3:51  Drone  
  47  3:56  Drone  
  47  3:57  Drone x2  
  47  3:59  Drone  
  47  4:00  Queen  
  53  4:06  Overlord  
  53  4:09  Drone x2  
  55  4:18  Overlord  
  55  4:19  Zergling x4  
  55  4:20  Zergling x2  
  58  4:27  Lair  
  58  4:30  Extractor, Drone x4  
  58  4:31  Extractor  
  59  4:32  Drone  
  59  4:33  Drone  
  59  4:36  Overlord  
  61  4:45  Drone  
  64  4:46  Zergling x6  
  64  4:50  Overlord  
  67  4:58  Evolution Chamber  
  67  4:59  Overlord, Drone x2  
  68  5:00  Drone x2  
  68  5:04  Drone x2  
  70  5:07  Drone x2  
  70  5:09  Drone  
  70  5:10  Drone x3  
  70  5:11  Drone x3  
  79  5:16  Extractor  
  78  5:21  Drone x2  
  78  5:22  Drone  
  78  5:28  Drone x3  
  80  5:32  Overlord, Zerg Missile Weapons Level 1, Hydralisk Den  
  80  5:34  Drone x2  
  82  5:35  Drone  
  82  5:37  Extractor  
  81  5:44  Zergling x2  
  81  5:45  Overlord, Zergling x6  
  81  5:48  Drone  
  81  5:49  Hatchery, Extractor, Drone x2  
  86  6:02  Hydralisk x6  
  97  6:06  Muscular Augments  
  97  6:08  Hydralisk  
  99  6:14  Hydralisk  
  99  6:15  Hydralisk x2  
  105  6:18  Overlord  
  105  6:21  Hydralisk  
  105  6:22  Baneling Nest  
  105  6:25  Hydralisk  
  108  6:29  Spore Crawler  
  108  6:31  Overlord  
  108  6:32  Hydralisk x2  
  107  6:38  Overlord  
  107  6:39  Hydralisk x2  
  115  6:46  Drone x3, Spire  
  117  6:49  Drone x3  
  120  6:54  Overlord  
  120  6:56  Drone  
  120  6:57  Drone x2  
  120  7:01  Overlord  
  123  7:04  Drone  
  123  7:06  Overlord, Centrifical Hooks  
  123  7:08  Extractor, Drone  
  124  7:12  Hydralisk x2  
  126  7:17  Overlord  
  126  7:23  Hydralisk x5  
  126  7:28  Zerg Missile Weapons Level 2  
  126  7:29  Overlord  
  134  7:37  Overlord  
  134  7:40  Hydralisk x2  
  134  7:43  Hatchery  
  137  7:48  Hydralisk x4  
  137  7:49  Zergling x2  
  146  7:57  Zergling x14  
  153  8:02  Overlord x2  
  153  8:07  Corruptor x2  
  153  8:11  Corruptor  
  155  8:14  Corruptor  
  157  8:21  Corruptor x2  
  161  8:39  Corruptor x3  
  162  8:46  Corruptor  
  162  8:47  Hydralisk  
  162  8:48  Hydralisk x3  
  164  8:49  Zergling x2  
  164  8:50  Zergling x18  
  180  9:03  Zergling x4  
  180  9:04  Zergling x18  
  191  9:12  Zergling x6  
  194  9:17  Zergling x2  
  194  9:18  Zergling x8  
  193  9:43  Hydralisk x6  
  193  9:47  Baneling x11  
  193  9:48  Baneling x6  
  193  9:49  Baneling  
  193  9:50  Baneling x16  
  193  9:54  Baneling x7  
  193  9:56  Zergling x12  
  189  10:18  Hydralisk x6  
  189  10:19  Hydralisk  
  193  10:23  Hydralisk x3  
  193  10:24  Zergling x2  
  179  10:31  Hydralisk x4  
  179  10:33  Zergling x26  
Show
View Real Time Build Order
Export as new Build Order

ShoWTimE Protoss 

Build Orders: 1 Gate Expand, Oracle Opening, Phoenix Opening 

Get SALT Encoding   

  12  0:00  Probe  
  13  0:12  Probe  
  14  0:19  Pylon  
  14  0:24  Probe  
  15  0:37  Probe (Chrono Boost)  
  15  0:38  Assimilator  
  16  0:46  Probe (Chrono Boost)  
  16  0:49  Gateway  
  17  0:52  Probe  
  18  1:04  Probe (Chrono Boost)  
  20  1:14  Probe (Chrono Boost)  
  20  1:25  Nexus  
  20  1:37  Cybernetics Core  
  20  1:38  Probe  
  21  1:43  Assimilator  
  21  1:50  Probe  
  21  1:52  Pylon  
  22  2:02  Probe  
  23  2:13  Adept (Chrono Boost)  
  23  2:14  Probe  
  26  2:17  Stargate  
  26  2:26  Probe, Warp Gate  
  27  2:30  Adept  
  29  2:37  Probe  
  29  2:38  Probe  
  31  2:49  Probe  
  31  2:51  Probe  
  33  2:57  Adept  
  35  3:01  Probe  
  35  3:03  Probe  
  35  3:04  Oracle (Chrono Boost)  
  40  3:13  Probe  
  40  3:15  Probe  
  40  3:19  Pylon  
  42  3:26  Probe  
  45  3:27  Probe  
  45  3:30  Phoenix (Chrono Boost)  
  45  3:32  Gateway  
  46  3:38  Probe, Gateway  
  46  3:41  Probe (Chrono Boost)  
  48  3:47  Pylon  
  48  3:50  Probe (Chrono Boost)  
  50  4:00  Assimilator, Probe x2 (Chrono Boost)  
  51  4:03  Assimilator  
  51  4:04  Probe x2  
  51  4:05  Robotics Facility  
  53  4:16  Probe x2  
  55  4:18  Pylon  
  55  4:28  Probe x2  
  55  4:30  Sentry x2  
  61  4:33  Shield Battery  
  61  4:39  Sentry  
  61  4:40  Probe x2  
  65  4:45  Nexus  
  65  4:46  Pylon  
  65  4:52  Probe x2, Pylon  
  67  4:57  Warp Prism (Chrono Boost)  
  69  5:04  Probe x2  
  71  5:10  Forge  
  71  5:11  Twilight Council  
  71  5:16  Probe  
  71  5:17  Probe  
  71  5:20  Shield Battery  
  73  5:23  Zealot x2  
  73  5:24  Observer (Chrono Boost)  
  73  5:25  Adept  
  74  5:29  Probe  
  74  5:30  Probe  
  74  5:33  Protoss Ground Weapons Level 1  
  74  5:34  Shield Battery  
  76  5:39  Robotics Bay, Shield Battery  
  76  5:49  Gateway, Blink (Chrono Boost)  
  76  5:52  Probe x2  
  78  5:57  Gateway  
  78  5:58  Probe  
  78  6:04  Probe  
  80  6:07  Immortal (Chrono Boost)  
  80  6:09  Probe  
  85  6:11  Probe  
  85  6:16  Probe  
  85  6:18  Assimilator, Sentry x2  
  87  6:20  Assimilator  
  87  6:21  Probe  
  92  6:26  Pylon  
  92  6:29  Pylon  
  92  6:34  Probe  
  92  6:36  Probe, Colossus (Chrono Boost)  
  100  6:43  Shield Battery  
  100  6:44  Stalker  
  58  6:47  Extended Thermal Lance  
  102  6:50  Shield Battery  
  102  6:56  Gateway x2  
  102  7:01  Gateway  
  102  7:04  Pylon  
  102  7:07  Stalker  
  102  7:08  Stalker x2  
  108  7:12  Shield Battery  
  108  7:17  Colossus (Chrono Boost)  
  108  7:20  Protoss Ground Weapons Level 2  
  114  7:25  Shield Battery  
  114  7:28  Photon Cannon  
  111  7:30  Probe  
  111  7:34  Forge  
  111  7:36  Photon Cannon  
  111  7:43  Charge (Chrono Boost)  
  109  7:54  Pylon  
  109  7:57  Colossus (Chrono Boost)  
  115  8:00  Zealot x2, Nexus  
  115  8:03  Pylon  
  118  8:13  Probe  
  119  8:25  Protoss Ground Armor Level 1 (Chrono Boost)  
  119  8:26  Zealot x4  
  119  8:27  Templar Archives  
  127  8:28  Nexus  
  127  8:30  Pylon  
  127  8:31  Zealot x2, Pylon  
  131  8:38  Stalker x2  
  122  8:50  Shield Battery  
  122  8:52  Shield Battery  
  122  8:53  Shield Battery  
  122  8:55  Pylon  
  122  8:56  Zealot  
  122  8:57  Zealot x2  
  122  8:59  Probe, Pylon  
  122  9:01  Probe  
  130  9:05  High Templar x2  
  130  9:06  High Templar x2  
  130  9:09  Pylon  
  138  9:13  Archon  
  138  9:14  Archon  
  138  9:23  High Templar  
  138  9:24  High Templar x3  
  142  9:28  Archon  
  142  9:29  Archon  
  146  9:37  Zealot  
  146  9:38  Zealot x2  
  142  9:51  Colossus (Chrono Boost)  
  148  9:55  High Templar  
  148  9:56  Zealot x2  
  148  9:57  Zealot x2  
  148  9:58  High Templar  
  148  9:59  Zealot x2  
  164  10:04  Archon  
  150  10:20  Stalker x5  
  142  10:34  Zealot  
  86  10:43  Zealot x2  
  86  10:44  Zealot  
  86  10:45  Zealot x2  
Tags
 
Add a new tag
Caveats
  • Supply blocks, unpowered buildings, or Contaminate may cause inaccurate times.
  • Supply counts are checked every 10 seconds.